 Dungeon Crawl Stone Soup version 0.32-a0-798-gfa783ce77f (webtiles) character file.

Game seed: 17388402616618179583

513 Essalna the Chiller (level 7, 61/61 HPs)
             Began as a Green Draconian Ice Elementalist on Mar 21, 2024.
             Got out of the dungeon alive.
             The game lasted 00:07:45 (4459 turns).

Essalna the Chiller (DrIE)                          Turns: 4459, Time: 00:07:46

Health: 61/61      AC:  6    Str: 10    XL:     7   Next: 0%
Magic:  10/10      EV: 10    Int: 22    God:
Gold:   251        SH:  0    Dex:  6    Spells: 3/10 levels left

rFire   . . .        j - +0 lajatang of the Past {vamp, rC+ Int+4 Dex-5}
rCold   + . .        (shield currently unavailable)
rNeg    . . .        (body armour unavailable)
rPois   +            (helmet restricted)
rElec   .            i - scarf {repulsion}
rCorr   .            (no gloves)
SInv    .            (no boots)
Will    .....        (no amulet)
Stlth   +            (no ring)
HPRegen 0.30/turn    (no ring)
MPRegen 0.12/turn

%: repel missiles
@: no status effects
A: noxious breath, AC +6, unfitting armour, poison resistance, cold-blooded
a: Noxious Breath


You escaped.
You visited 1 branch of the dungeon, and saw 5 of its levels.

You collected 251 gold pieces.

Inventory:

Hand Weapons
 c - a +2 dagger of holy wrath
 j - the +0 lajatang of the Past (weapon) {vamp, rC+ Int+4 Dex-5}
   (You found it on level 3 of the Dungeon)

   Int+4:     It affects your intelligence (+4).
   Dex-5:     It affects your dexterity (-5).
   rC+:       It protects you from cold.
Armour
 i - a scarf of repulsion (worn)
 p - a +2 buckler
Jewellery
 h - a ring of fire
Wands
 k - a wand of acid (18)
 q - a wand of flame (17)
Scrolls
 f - 6 scrolls of identify {unknown}
 g - 5 scrolls of fear {unknown}
 l - a scroll of enchant armour {unknown}
 m - a scroll of enchant weapon {unknown}
 r - a scroll of amnesia {unknown}
 s - a scroll of poison {unknown}
Potions
 a - a potion of magic
 b - a potion of degeneration {unknown}
 d - 4 potions of curing {unknown}
 e - a potion of brilliance {unknown}
 n - a potion of mutation {unknown}
 o - a potion of lignification {unknown}
 t - a potion of invisibility {unknown}


   Skills:
 + Level 5.5 Fighting
 - Level 1.7 Dodging
 - Level 1.7 Stealth
 - Level 2.0 Spellcasting
 + Level 6.6 Ice Magic


You had 3 spell levels left.
You knew the following spells:

 Your Spells              Type           Power      Damage    Failure   Level
a - Freeze                Ice            100%       1d10      1%          1
b - Frozen Ramparts       Ice            62%        1d10      2%          3
c - Ozocubu's Armour      Ice            31%        N/A       2%          3

Your spell library contained the following spells:

 Spells                   Type           Power      Damage    Failure   Level
 Summon Ice Beast         Ice/Summ       16%        N/A       11%         3


Dungeon Overview and Level Annotations

Branches:
Dungeon (5/15)
 Temple: D:4-7

Altars:
Dithmenos
Wu Jian

Shops:
D:3 !=(


Innate Abilities, Weirdness & Mutations

You can breathe blasts of noxious fumes.
Your lurid green scales are hard. (AC +6)
You cannot fit into any form of body armour.
Your system is resistant to poisons. (rPois)
You are cold-blooded and may be slowed by cold attacks.


Message History

The white imp shouts!
A white imp is nearby!
A white imp is nearby!
A white imp is nearby!
The white imp gestures at you.
The puff of frost is repelled.
You closely miss the white imp. You tail-slap the white imp.
The white imp is lightly wounded.
The white imp closely misses you. The white imp barely misses you.
You barely miss the white imp.
The white imp is lightly wounded.
The white imp completely misses you.
You slash the white imp!
You kill the white imp!
You have reached level 7!
Your scales start taking on a lurid green colour.
You learn Alchemy much quicker.
You can breathe blasts of noxious fumes.
You feel resistant to poisons.
Unknown command.
Things that are here:
a +0 long sword; a +0 robe; the orc skeleton of Blork the orc
There is a stone staircase leading up here.
You climb upwards.
There is a stone staircase leading down here.
There is a stone staircase leading up here.
You climb upwards.
There is a stone staircase leading down here.
There is a stone staircase leading up here.
Aiming: Noxious Breath
Press: ? - help, Shift-Dir - straight line You exhale a blast of noxious fumes.
You climb upwards.
There is a stone staircase leading down here.
There is a stone staircase leading up here.
You climb upwards.
There is a stone staircase leading down here.
There is a large open door here.
There is a staircase leading out of the dungeon here.
You have escaped!

### ##### ###
##.####.~.######@#
#.~.##.~.~.#~.≈#.#
.~≈~..~~~~~..~..~#
~~≈~~≈≈≈≈≈~≈≈≈≈.~#
~≈~≈≈≈≈≈~~~≈≈≈≈≈≈#
~P~≈≈≈≈≈~P≈≈≈≈≈≈≈#
.P~~≈≈≈P~~≈≈~~~~≈#
≈.P≈P~PP~≈PP~PP≈≈#
##################


There were no monsters in sight!

Vanquished Creatures
  A water moccasin (D:5)
  An ice beast (D:5)
  Blork the orc (D:5)
  A scorpion (D:5)
  A sleepcap (D:5)
  An iguana (D:4)
  2 adders
  3 gnolls (D:3)
  2 white imps (D:5)
  A dart slug (D:5)
  A ribbon worm (D:2)
  4 orcs
  4 ball pythons
  6 endoplasms
  5 giant cockroaches
  4 goblins
  6 hobgoblins
  7 jackals
  6 quokkas
  7 bats
  3 frilled lizards
  8 kobolds
  2 rats
77 creatures vanquished.

Notes
Turn   | Place    | Note
-------+----------+-------------------------------------------
     0 | D:1      | Essalna the Draconian Ice Elementalist began the quest for
                  | the Orb.
     0 | D:1      | Reached XP level 1. HP: 14/14 MP: 3/3
   214 | D:1      | Reached skill level 1 in Fighting
   276 | D:1      | Reached XP level 2. HP: 23/23 MP: 3/5
   860 | D:2      | Reached XP level 3. HP: 29/29 MP: 4/6
   921 | D:2      | Learned a level 3 spell: Frozen Ramparts
  1436 | D:2      | Identified the +7 falchion of Roorghy {elec, ^Fragile Will+
                  | Dex+5}
  1568 | D:3      | Found Fusmamer's Distillery.
  1703 | D:3      | Found Riun Olugry's Weapon Shop.
  1749 | D:3      | Identified the +0 lajatang of the Past {vamp, rC+ Int+4
                  | Dex-5}
  1773 | D:3      | Found Gucilit's Jewellery Emporium.
  2109 | D:3      | Reached XP level 4. HP: 26/37 MP: 7/7
  2114 | D:3      | Reached skill level 5 in Ice Magic
  2360 | D:3      | Found a shadowy altar of Dithmenos.
  2360 | D:3      | Found an ornate altar of the Wu Jian Council.
  2905 | D:4      | Reached XP level 5. HP: 41/45 MP: 8/8
  3062 | D:4      | Learned a level 3 spell: Ozocubu's Armour
  3585 | D:5      | Entered Level 5 of the Dungeon
  3650 | D:5      | Noticed Blork the orc
  3693 | D:5      | Killed Blork the orc
  3694 | D:5      | Reached XP level 6. HP: 12/53 MP: 5/9
  3851 | D:5      | Noticed a water moccasin
  3859 | D:5      | Killed a water moccasin
  3860 | D:5      | Reached skill level 6 in Ice Magic
  3961 | D:5      | Reached skill level 5 in Fighting
  4227 | D:5      | Noticed an ice beast
  4252 | D:5      | Killed an ice beast
  4291 | D:5      | Your scales start taking on a lurid green colour.
  4291 | D:5      | Reached XP level 7. HP: 61/61 MP: 10/10
  4291 | D:5      | Gained mutation: Your system is resistant to poisons.
                  | (rPois) [Green Draconian growth]
  4459 | D:$      | Got out of the dungeon alive.

Illustrated notes

Levels and vault maps discovered:
D:1:      lightli_arrival_windingriver, layout_rooms, chequers_arboretum,
          hangedman_decor_clover_reticule
D:2:      layout_rooms, minmay_misc_feat_ornament, grunt_decor_resistance
D:3:      layout_basic, gammafunk_temple_overflow_wave, serial_shops,
          nicolae_shop_waterfront, shop, nicolae_shop_peninsula
D:4:      layout_cave_pods, minmay_misc_feat_cross
D:5:      layout_cave_pools, uniq_blork_the_orc

Skill      XL: |  1  2  3  4  5  6 |
---------------+-------------------+-----
Fighting       | 1 2 3 4 5 |  5.5
Ice Magic      | 5 6 |  6.6
Dodging        | |  1.7
Stealth        | |  1.7
Spellcasting   | |  2.0

Action                     |  1- 3 |  4- 6 |  7- 9 || total
---------------------------+-------+-------+-------++-------
  Melee: Dagger            |    40 |       |       ||    40
         Tailslap          |    12 |     7 |       ||    19
         Lajatang          |    38 |    69 |       ||   107
   Cast: Freeze            |    49 |    11 |       ||    60
         Frozen Ramparts   |       |     7 |       ||     7
         Ozocubu's Armour  |       |     2 |       ||     2
Ability: Noxious Breath    |       |       |     1 ||     1
   Stab: Sleeping          |     1 |       |       ||     1
 Armour: Skin              |    99 |    88 |       ||   187
  Dodge: Dodged            |    86 |    58 |       ||   144
         Repelled          |     1 |     1 |       ||     2

Table legend: (Time is in decaauts)
 A = Elapsed time spent in this place.
 B = Non-inter-level travel time spent in this place.
 C = Inter-level travel time spent in this place.
 D = Time resting spent in this place.
 E = Time spent auto-exploring this place.
 F = Levels seen in this place.
 G = Mean time per level.
                   A        B        C        D        E       F      G
               +--------+--------+--------+--------+--------+-----+--------+
         Total |   4505 |   4302 |    203 |     32 |   3620 |   5 |  901.0 |
       Dungeon |   4505 |   4302 |    203 |     32 |   3620 |   5 |  901.0 |
               +--------+--------+--------+--------+--------+-----+--------+

Top non-repeatable levels by time:
     D:4: 1090 daAuts
     D:3: 1056 daAuts
     D:1: 884 daAuts
     D:2: 754 daAuts
     D:5: 720 daAuts
